 Dungeon Crawl Stone Soup version 0.24.0-125-gc4c63601f3 (webtiles) character file.

Game seed: 11297050155018893198, levelgen mode: deterministic

2825 Ceapi the Basher (level 9, 0/85 HPs)
             Began as a Minotaur Berserker on Feb 17, 2020.
             Was a High Priest of Trog.
             Splashed by Maurice's acid (11 damage)
             ... on level 8 of the Dungeon.
             The game lasted 00:27:01 (6676 turns).

Ceapi the Basher (Minotaur Berserker)               Turns: 6676, Time: 00:27:01

Health: 0/85       AC: 15    Str: 25    XL:     9   Next: 45%
Magic:  8/8        EV:  8    Int:  8    God:    Trog [*****.]
Gold:   132        SH:  0    Dex: 10    Spells: 8/8 levels left

rFire    . . .     SeeInvis .   y - +4 quarterstaff (chaos)
rCold    . . .     Gourm    .   (shield currently unavailable)
rNeg     . . .     Faith    .   o - +0 plate armour
rPois    .         Spirit   .   (helmet restricted)
rElec    .         Reflect  .   x - +2 cloak
rCorr    .         Harm     .   (no gloves)
MR       ++...                  t - +0 pair of boots
Stlth    ..........             (no amulet)
HPRegen  1.24/turn              b - +4 ring of intelligence
MPRegen  0.11/turn              (no ring)

@: corroded, regenerating
A: retaliatory headbutt, horns 2
a: Berserk, Trog's Hand, Brothers in Arms, Renounce Religion


You were on level 8 of the Dungeon.
You worshipped Trog.
Trog was extremely pleased with you.
You were not hungry.

You visited 1 branch of the dungeon, and saw 8 of its levels.
You also visited: Ossuary.

You collected 242 gold pieces.
You spent 110 gold pieces at shops.

Inventory:

Hand Weapons
 a - a +0 mace
 y - a +4 quarterstaff of chaos (weapon)
Missiles
 h - 237 stones (quivered)
 A - 2 throwing nets
Armour
 o - a +0 plate armour (worn)
 t - a +0 pair of boots (worn)
 x - a +2 cloak (worn)
Jewellery
 b - a +4 ring of intelligence (left hand)
 H - a cursed ring of teleportation {unknown}
Wands
 w - a wand of random effects (17)
 E - a wand of paralysis (8)
 G - a wand of polymorph (4)
Scrolls
 d - a scroll of immolation {unknown}
 i - 3 scrolls of blinking
 j - 3 scrolls of identify
 k - 5 scrolls of remove curse
 l - a scroll of enchant weapon {unknown}
 m - 3 scrolls of magic mapping {unknown}
 p - 2 scrolls of teleportation
 r - a scroll of enchant armour {unknown}
 v - 2 scrolls of noise {unknown}
 B - 4 scrolls of amnesia {unknown}
 C - 3 scrolls of holy word {unknown}
 D - 2 scrolls of random uselessness {unknown}
Potions
 e - a potion of invisibility {unknown}
 f - 3 potions of heal wounds {unknown}
 g - 2 potions of curing {unknown}
 n - 2 potions of flight {unknown}
 q - 2 potions of agility {unknown}
 s - a potion of cancellation {unknown}
 u - 2 potions of degeneration {unknown}
 z - a potion of haste {unknown}
 F - a potion of ambrosia {unknown}
Comestibles
 c - 22 rations
 I - 7 chunks of flesh


   Skills:
 + Level 9.7 Fighting
 + Level 9.8 Maces & Flails
 + Level 9.3 Armour
 - Level 2.1 Dodging


You had 8 spell levels left.
You didn't know any spells.
Your spell library was empty.

Dungeon Overview and Level Annotations

Branches:
Dungeon (8/15)             Temple (0/1) D:4         Ossuary (visited)
   Lair: D:8-11

Altars:
Cheibriados
Dithmenos
Gozag
Qazlal
Ru
Sif Muna
Trog
Uskayaw
Wu Jian
Xom

Shops:
D:5 }   D:6 }

Annotations:
D:8 Maurice


Innate Abilities, Weirdness & Mutations

You reflexively headbutt those who attack you in melee.
You have a pair of horns on your head.


Message History

The bolt of acid hits you but does no damage.
The acid corrodes you!
You are splashed with acid!
You hear some strange, mumbled words.
You hear a zap.
A bolt of acid appears from out of thin air!
The bolt of acid hits you!
You are splashed with acid!
Your skin crawls.
You feel resistant to hostile enchantments.
You feel somewhat more hungry.
You miss something.
You hear some strange, mumbled words.
You hear a zap.
A bolt of acid appears from out of thin air!
The bolt of acid misses you.
You hear a zap.
A bolt of acid appears from out of thin air!
The bolt of acid hits you!!
* * * LOW HITPOINT WARNING * * *
You are splashed with acid!
You die...

#.....................
#...................# ##
...................######.
.###...#.................
#.........<...########
#...##....#...........
#..###.##.#...########
#..###.##.#...#
#.ยง..@{.......#
#.####......... #.#
#.#####..#. #.###.####.#
#..#.# #....{.....#####..#
# ####[......(....
#............
#.#####.##### #. #..#


There were no monsters in sight!

Vanquished Creatures
  A wyvern (D:8)
  A spriggan (D:7)
  3 sky beasts
  2 orc warriors
  2 elf zombies (D:5)
  3 bullfrogs
  A scorpion (D:6)
  5 wights (D:6)
  3 howler monkeys (D:7)
  7 crimson imps
  A centaur zombie (Ossuary)
  A jelly (D:5)
  A centaur skeleton (D:6)
  2 human zombies (D:5)
  3 orc priests
  Crazy Yiuf (D:3)
  4 hounds
  Jessica (D:2)
  An iguana (D:8)
  6 orc wizards
  7 worker ants
  A killer bee zombie (D:8)
  A big kobold zombie (Ossuary)
  A hound zombie (D:5)
  5 mummies (Ossuary)
  5 adders
  3 gnolls (D:2)
  4 shadow imps
  2 adder zombies
  An adder skeleton (D:6)
  2 worms
  5 dart slugs
  7 leopard geckos
  16 orcs
  2 giant cockroaches (D:1)
  8 goblins
  6 hobgoblins
  16 jackals
  2 ball pythons
  10 bats
  6 frilled lizards
  A giant cockroach zombie (D:3)
  4 hobgoblin zombies (Ossuary)
  7 kobolds
  2 orc skeletons (D:5)
  2 quokka zombies (D:6)
  8 rats
  2 fungi (D:3)
185 creatures vanquished.

Notes
Turn   | Place    | Note
-------+----------+-------------------------------------------
     0 | D:1      | Ceapi the Minotaur Berserker began the quest for the Orb.
     0 | D:1      | Reached XP level 1. HP: 19/19 MP: 0/0
   435 | D:1      | Reached XP level 2. HP: 24/27 MP: 1/1
   768 | D:1      | Reached XP level 3. HP: 31/33 MP: 2/2
   825 | D:1      | Reached ** piety under Trog
  1286 | D:2      | Found a shadowy altar of Dithmenos.
  1395 | D:2      | Reached XP level 4. HP: 39/41 MP: 3/3
  1411 | D:2      | Noticed Jessica
  1416 | D:2      | Killed Jessica
  1793 | D:2      | Reached skill level 5 in Fighting
  1793 | D:2      | Reached skill level 5 in Maces & Flails
  1793 | D:2      | Reached XP level 5. HP: 44/48 MP: 4/4
  2551 | D:3      | Reached *** piety under Trog
  3066 | D:3      | Found a runed translucent door.
  3067 | D:3      | Noticed Crazy Yiuf
  3075 | D:3      | Killed Crazy Yiuf
  3473 | D:4      | Reached XP level 6. HP: 56/56 MP: 5/5
  3603 | D:4      | Found a staircase to the Ecumenical Temple.
  3647 | D:4      | Found an opulent altar of Gozag.
  3648 | D:4      | Found an ornate altar of the Wu Jian Council.
  3653 | D:4      | Reached skill level 5 in Armour
  3994 | D:4      | Found an opulent altar of Gozag.
  4037 | D:5      | Entered Level 5 of the Dungeon
  4142 | D:5      | Reached XP level 7. HP: 62/63 MP: 6/6
  4419 | D:5      | Found a sand-covered staircase.
  4430 | Ossuary  | Entered an ossuary
  4434 | Ossuary  | Reached XP level 8. HP: 63/73 MP: 7/7
  4443 | Ossuary  | Reached **** piety under Trog
  4818 | D:5      | Found Vohin's Gadget Boutique.
  4829 | D:5      | Bought a wand of paralysis (8) for 110 gold pieces
  5073 | D:6      | Found a hide-covered altar of Uskayaw.
  5076 | D:6      | Found a shimmering altar of Xom.
  5077 | D:6      | Found a stormy altar of Qazlal.
  5078 | D:6      | Found a snail-covered altar of Cheibriados.
  5078 | D:6      | Found a sacrificial altar of Ru.
  5078 | D:6      | Found a shimmering blue altar of Sif Muna.
  5082 | D:6      | Found a bloodstained altar of Trog.
  5116 | D:6      | Found Vinualom's Gadget Shoppe.
  5918 | D:7      | Reached XP level 9. HP: 58/82 MP: 8/8
  5956 | D:7      | Reached ***** piety under Trog
  6208 | D:7      | Found a shadowy altar of Dithmenos.
  6649 | D:8      | Noticed Maurice
  6676 | D:8      | Splashed by Maurice's acid

Levels and vault maps discovered:
D:1:      dpeg_arrival_water_fire, layout_loops_ring, roderic_lattice_a
D:2:      layout_rooms, nicolae_overflow_hidden_temple, uniq_jessica
D:3:      layout_basic, first_ration, uniq_crazy_yiuf_cottage
D:4:      layout_basic, chequers_temple_overflow_statue_of_worship,
          temple_fountains, kennysheep_flooded_box
D:5:      layout_loops_cross, nicolae_ossuary_entry_catacombs, serial_shops,
          shop, st_stairs_6
D:6:      layout_gridville, minitemple, serial_shops, nicolae_shop_waterfront
D:7:      layout_loops_ring, the_bakery, grunt_dithmenos_smoke_and_mirrors
D:8:      layout_loops_ring, uniq_maurice, uniq_psyche

Skill      XL: |  1  2  3  4  5  6  7  8  9 |
---------------+----------------------------+-----
Maces & Flails | 4 5 6 7 9 |  9.8
Fighting       | 4 5 6 7 8 9 |  9.7
Armour         | 3 4 5 6 8 9 |  9.3
Dodging        | |  2.1

Action                   |  1- 3 |  4- 6 |  7- 9 || total
-------------------------+-------+-------+-------++-------
Melee: Mace              |    76 |    72 |       ||   148
       Headbutt          |    12 |    18 |    44 ||    74
       Quarterstaff      |       |    46 |   221 ||   267
Throw: Stone             |       |    18 |     2 ||    20
Invok: Berserk           |       |     3 |     1 ||     4
       Trog's Hand       |       |       |     1 ||     1
  Use: Scroll            |       |     5 |       ||     5
 Stab: Confused          |       |       |     3 ||     3
       Paralysed         |       |       |     3 ||     3
  Eat: Chunk             |     2 |     8 |     6 ||    16
       Ration            |       |     1 |     1 ||     2
Armor: Leather armour    |    21 |     8 |       ||    29
       Plate armour      |       |    51 |   134 ||   185
Dodge: Dodged            |    71 |    52 |    78 ||   201
